 Dungeon Crawl Stone Soup version 0.25-a0-834-g55863b0b92 (webtiles) character file.

Game seed: 1081435141081991976, levelgen mode: deterministic

889 Maedhros the Sneak (level 8, -5/43 HPs)
             Began as an Octopode Artificer on Apr 22, 2020.
             Was a Believer of Ru.
             Slain by a gnoll
             ... wielding a +0 halberd
              (6 damage)
             ... on level 5 of the Dungeon.
             The game lasted 00:05:55 (6313 turns).

Maedhros the Sneak (Octopode Artificer)             Turns: 6313, Time: 00:05:55

Health: -5/43      AC:  1    Str: 11    XL:     8   Next: 6%
Magic:  12/12      EV: 13    Int: 13    God:    Ru [**....]
Gold:   208        SH:  0    Dex: 15    Spells: 7/7 levels left

rFire    . . .     SeeInvis .   n - +2 hand axe (vorpal)
rCold    . . .     Gourm    .   (no shield)
rNeg     . . .     Faith    .   (helmet restricted)
rPois    .         Spirit   .   (no amulet)
rElec    .         Reflect  .   (no ring)
rCorr    .         Harm     .   (no ring)
MR       .....                  (no ring)
Stlth    +++++.....             (no ring)
HPRegen  0.14/turn              (no ring)
MPRegen  0.13/turn              (no ring)
                                (no ring)
                                (no ring)

@: no status effects
A: almost no armour, stealthy swim, amphibious, 8 rings, constrict 8, camouflage
1, frail 1, gelatinous body 1
a: Renounce Religion


You were on level 5 of the Dungeon.
You worshipped Ru.
Ru was pleased with you.
You were near starving.

You visited 2 branches of the dungeon, and saw 6 of its levels.

You collected 208 gold pieces.

Inventory:

Hand Weapons
 a - a +0 short sword
 n - a +2 vorpal hand axe (weapon)
Jewellery
 x - an uncursed ring of wizardry {unknown}
Wands
 b - a wand of flame (1)
 d - a wand of random effects (8)
 q - a wand of polymorph (8)
Scrolls
 c - a scroll of immolation {unknown}
 g - 2 scrolls of remove curse {unknown}
 h - 3 scrolls of fog {unknown}
 i - 8 scrolls of identify {unknown}
 k - 4 scrolls of teleportation {unknown}
 r - a scroll of random uselessness {unknown}
 s - a scroll of blinking {unknown}
 u - 2 scrolls of enchant weapon {unknown}
 v - 2 scrolls of enchant armour {unknown}
 w - a scroll of fear {unknown}
Potions
 e - a potion of invisibility {unknown}
 j - 3 potions of lignification {unknown}
 l - 2 potions of haste {unknown}
 m - 3 potions of curing {unknown}
 o - 2 potions of magic {unknown}
 p - 2 potions of berserk rage {unknown}
 t - a potion of cancellation {unknown}
Comestibles
 f - 7 rations


   Skills:
 - Level 1.0 Fighting
 - Level 1.0 Short Blades
 - Level 2.0 Dodging
 + Level 6.3 Stealth
 * Level 6.1 Unarmed Combat
 + Level 5.8 Evocations


You had 7 spell levels left.
You didn't know any spells.
Your spell library was empty.

Dungeon Overview and Level Annotations

Branches:
Dungeon (5/15)             Temple (1/1) D:4

Altars:
Ashenzari
Cheibriados
Dithmenos
Elyvilon
Gozag
Hepliaklqana
Makhleb
Nemelex Xobeh
Okawaru
Qazlal
Ru
Sif Muna
Trog
Uskayaw
Vehumet
Wu Jian
Xom
Yredelemnul
Zin
The Shining One

Annotations:
D:5 1 runed translucent door, Crazy Yiuf


Innate Abilities, Weirdness & Mutations

You cannot wear most types of armour.
You are very stealthy in the water. (Stealth+)
You are amphibious.
You can wear up to eight rings at the same time.
You can use your tentacles to constrict eight enemies at once.
Your skin changes colour to match your surroundings (Stealth+).
You are frail. (-10% HP)
Your rubbery body absorbs attacks. (AC +1, EV +1)


Message History

The gnoll hits you with a cursed -1 flail!
You closely miss the gnoll. You grab the gnoll. You squeeze the gnoll!
The gnoll is heavily wounded.
You constrict the gnoll.
The gnoll splashes around in the water.
You hit the gnoll. You tentacle-slap the gnoll.
You kill the gnoll!
You hear a splash.
The gnoll barely misses you. The gnoll hits you with a +0 halberd!
You see here a cursed -1 flail.
You barely miss the gnoll. You grab the gnoll. You constrict the gnoll.
The gnoll hits you with a +0 halberd!
* * * LOW HITPOINT WARNING * * *
You hit the gnoll but do no damage.
The gnoll is moderately wounded.
You constrict the gnoll. The gnoll closely misses you.
You hit the gnoll.
The gnoll is almost dead.
You constrict the gnoll. The gnoll hits you with a +0 halberd.
You die...

..# #....#.#.#
#.######.#.#.#
#..........#.#
#..#####...#.#
#########..#####...#.#
.....................#
######.####################
.........)÷......g.........
≈≈≈≈....≈÷≈≈≈≈≈≈@≈≈≈≈≈≈≈≈≈≈
≈≈≈≈....≈≈≈≈≈≈≈≈≈≈≈≈≈≈≈≈≈≈≈
≈≈≈≈....≈≈≈≈÷≈≈≈≈≈≈≈#####≈≈
....................# g#
####''''#############
#....#..g..^. #....#.....^.
+....'.g.g... ############+


You could see a gnoll.

Vanquished Creatures
  Duvessa (D:5)
  An ice beast (D:5)
  An ogre (D:5)
  A scorpion (D:4)
  Dowan (D:5)
  A jelly (D:5)
  A hound (D:5)
  A bullfrog skeleton (D:4)
  An iguana (D:4)
  2 orc wizards (D:3)
  2 worker ants (D:4)
  2 hound skeletons (D:4)
  Robin (D:2)
  3 gnolls (D:5)
  4 adders
  An ooze (D:1)
  An adder zombie (D:4)
  2 worms
  2 leopard geckos
  9 orcs
  A ball python (D:1)
  3 giant cockroaches
  10 goblins
  12 hobgoblins
  4 jackals (D:5)
  10 kobolds
  2 quokkas
  4 bats
  4 frilled lizards
  2 giant cockroach zombies (D:4)
  2 leopard gecko zombies (D:4)
  A quokka zombie (D:4)
  4 rats
97 creatures vanquished.

Vanquished Creatures (collateral kills)
  A bullfrog zombie (D:4)
  A centaur skeleton (D:4)
  A worker ant (D:4)
  A worker ant zombie (D:4)
  2 adders (D:4)
  An adder skeleton (D:4)
  2 orcs (D:3)
9 creatures vanquished.

Vanquished Creatures (others)
  An iguana (D:4)
  A scorpion (D:4)
  An orc wizard (D:3)
  A centaur zombie (D:4)
  2 adders (D:4)
6 creatures vanquished.

Grand Total: 112 creatures vanquished

Notes
Turn   | Place    | Note
-------+----------+-------------------------------------------
     0 | D:1      | Maedhros the Octopode Artificer began the quest for the
                  | Orb.
     0 | D:1      | Reached XP level 1. HP: 13/13 MP: 3/3
   156 | D:1      | Reached skill level 1 in Unarmed Combat
   156 | D:1      | Reached XP level 2. HP: 5/18 MP: 4/4
   902 | D:1      | You fall into a shaft and drop 1 floor!
   944 | D:3      | Reached XP level 3. HP: 13/23 MP: 5/5
   961 | D:3      | Reached XP level 4. HP: 5/28 MP: 6/6
  1127 | D:3      | Found a radiant altar of Vehumet.
  1440 | D:4      | Found a bloodstained altar of Trog.
  1518 | D:4      | Reached XP level 5. HP: 11/33 MP: 8/8
  1831 | D:4      | Found a shimmering blue altar of Sif Muna.
  1837 | D:4      | Found a hazy altar of Hepliaklqana.
  2095 | D:4      | Found a staircase to the Ecumenical Temple.
  2116 | Temple   | Entered the Ecumenical Temple
  2450 | Temple   | Became a worshipper of Ru the Awakened
  2921 | D:2      | Found a white marble altar of Elyvilon.
  3024 | D:2      | Noticed Robin
  3036 | D:2      | Killed Robin
  3213 | D:2      | Found a stormy altar of Qazlal.
  3428 | D:2      | Found a shimmering blue altar of Sif Muna.
  3650 | D:3      | Gained mutation: You are frail. (-10% HP) [Ru sacrifice]
  3650 | D:3      | Reached * piety under Ru
  3650 | D:3      | Reached ** piety under Ru
  3673 | D:3      | Found an ornate altar of the Wu Jian Council.
  4094 | D:3      | Reached XP level 6. HP: 24/34 MP: 9/9
  4186 | D:3      | Found a snail-covered altar of Cheibriados.
  4639 | D:4      | HP: 1/34 [poisoned by a worker ant]
  4690 | D:4      | Reached skill level 5 in Stealth
  4690 | D:4      | Reached skill level 5 in Evocations
  5018 | D:4      | Reached XP level 7. HP: 25/38 MP: 10/10
  5140 | D:5      | Entered Level 5 of the Dungeon
  5177 | D:5      | Found a sparkling altar of Nemelex Xobeh.
  5214 | D:5      | Found a runed translucent door.
  5215 | D:5      | Noticed Crazy Yiuf
  5227 | D:5      | Noticed Duvessa
  5228 | D:5      | Noticed Dowan
  5236 | D:5      | Killed Dowan
  5236 | D:5      | Reached skill level 5 in Unarmed Combat
  5239 | D:5      | HP: 1/38 [Duvessa/+0 short sword (11)]
  5240 | D:5      | Killed Duvessa
  5731 | D:5      | Reached XP level 8. HP: 17/43 MP: 12/12
  6311 | D:5      | HP: 1/43 [gnoll/+0 halberd (13)]
  6313 | D:5      | Slain by a gnoll

Levels and vault maps discovered:
D:1:      saegor_arrival_simple_b, layout_basic
D:2:      layout_loops_ring, nicolae_overflow_hidden_temple,
          lemuel_doored_altar, serial_rivers, chequers_serial_rivers_marsh,
          chequers_serial_rivers_micro_a, chequers_serial_rivers_micro_e,
          chequers_serial_rivers_small_3, led_sif_pool, uniq_robin
D:3:      layout_rooms, lemuel_round_altar, lemuel_coloured_pillars_altar,
          lemuel_crystal_altar
D:4:      layout_basic, gammafunk_temple_overflow_forgotten,
          minmay_temple_entry_statues_fountains, serial_undead, serial_undead_f,
          serial_undead_f, serial_undead_d, serial_undead_a, grunt_ministairs_1,
          kennysheep_small_square
D:5:      lemuel_castle_with_subvaults [lemuel_castle_interior_carwin_3],
          layout_basic, kennysheep_mini, first_ration, basic_altar,
          uniq_crazy_yiuf_cottage, uniq_duvessa
Temple:   minmay_temple_forest_path

Skill      XL: |  1  2  3  4  5  6  7 |
---------------+----------------------+-----
Unarmed Combat | 1 2 3 4 6 |  6.1
Stealth        | 2 3 4 5 6 |  6.3
Evocations     | 4 5 |  5.8
Fighting       | |  1.0
Short Blades   | |  1.0
Dodging        | |  2.0

Action                   |  1- 3 |  4- 6 |  7- 9 || total
-------------------------+-------+-------+-------++-------
Melee: Short sword       |    50 |    46 |       ||    96
       Constrict         |    19 |    26 |     8 ||    53
       Tentacles         |     8 |    22 |     8 ||    38
       Hand axe          |       |    70 |    27 ||    97
       Unarmed           |       |    18 |       ||    18
       Punch             |       |     2 |     3 ||     5
Invok: Sacrifice Health  |       |     1 |       ||     1
Evoke: Wand              |     3 |    19 |    14 ||    36
 Stab: Sleeping          |     2 |    16 |     1 ||    19
       Distracted        |     1 |       |       ||     1
       Invisible         |       |       |     1 ||     1
  Eat: Ration            |       |     3 |       ||     3
       Chunk             |       |     3 |     2 ||     5
Armor: Skin              |     5 |     8 |     2 ||    15
Dodge: Dodged            |    43 |    92 |    24 ||   159

Table legend:
 A = Non-vault XP
 B = Vault XP
 C = Vault XP percentage of total XP
 D = Non-vault monster count
 E = Vault monster count
 F = Vault count percentage of total count
                 A         B        C        D         E       F
            +---------+---------+-------+---------+---------+-------
      Total |     834 |     436 |  34.3 |      72 |      34 |  32.1
            +---------+---------+-------+---------+---------+-------
        D:1 |      35 |       0 |   0.0 |      17 |       0 |   0.0
        D:2 |      35 |      38 |  52.1 |      13 |      13 |  50.0
        D:3 |     149 |       0 |   0.0 |      24 |       0 |   0.0
        D:4 |     266 |     130 |  32.8 |      13 |      12 |  48.0
        D:5 |     349 |     268 |  43.4 |       5 |       9 |  64.3
            +---------+---------+-------+---------+---------+-------
